 Dungeon Crawl Stone Soup version 0.30.0-29-ga12c61a403 (webtiles) character file.

Game seed: 1175848982534799919

343 cheesebisquit the Vexing (level 6, -1/28 HPs)
             Began as a Spriggan Enchanter on June 8, 2023.
             Killed from afar by Ijyb (17 damage)
             ... with a bolt of dispelling energy
             ... on level 4 of the Dungeon.
             The game lasted 00:21:19 (4421 turns).

cheesebisquit the Vexing (Spriggan Enchanter)       Turns: 4421, Time: 00:21:20

Health: -1/28      AC:  2    Str:  4    XL:     6   Next: 31%
Magic:  2/14       EV: 17    Int: 19    God:
Gold:   152        SH:  0    Dex: 15    Spells: 3/14 levels left

rFire   . . .        s - +2 dagger (venom)
rCold   . . .        (no shield)
rNeg    . . .        b - +0 robe
rPois   .            (helmet restricted)
rElec   .            (no cloak)
rCorr   .            (gloves unavailable)
SInv    +            (boots unavailable)
Will    +....        (no amulet)
Stlth   +++          t - ring of flight
HPRegen 0.24/turn    (no ring)
MPRegen 0.14/turn

%: no passive effects
@: flying, very quick
A: very small, no large weapons, unfitting armour, see invisible, speed 3
a: no special abilities


You were on level 4 of the Dungeon.
You visited 2 branches of the dungeon, and saw 5 of its levels.

You collected 152 gold pieces.

Inventory:

Hand Weapons
 n - a +0 sling
 s - a +2 dagger of venom (weapon)
Armour
 b - a +0 robe (worn)
Jewellery
 t - a ring of flight (left hand)
Wands
 v - a wand of quicksilver (9)
 w - a wand of charming (3)
Scrolls
 e - 2 scrolls of fear {unknown}
 h - a scroll of teleportation {unknown}
 j - 2 scrolls of identify {unknown}
 k - a scroll of poison {unknown}
 l - a scroll of fog {unknown}
 m - 2 scrolls of silence {unknown}
 q - a scroll of noise {unknown}
 r - a scroll of magic mapping {unknown}
 u - a scroll of summoning {unknown}
Potions
 a - a potion of might {unknown}
 c - a potion of invisibility
 d - 3 potions of brilliance {unknown}
 f - 4 potions of curing {unknown}
 g - a potion of heal wounds {unknown}
 i - a potion of degeneration {unknown}
 o - a potion of lignification {unknown}
 p - 2 potions of flight {unknown}


   Skills:
 - Level 1.1 Short Blades
 - Level 2.6 Dodging
 - Level 4.4 Stealth
 - Level 4.8 Spellcasting
 + Level 1.2 Conjurations
 + Level 6.0 Hexes
 + Level 2.4 Ice Magic


You had 3 spell levels left.
You knew the following spells:

 Your Spells              Type           Power      Damage    Failure   Level
a - Ensorcelled Hibernat  Hex/Ice        40%        N/A       3%          2
b - Confusing Touch       Hex            27%        N/A       3%          3
c - Tukima's Dance        Hex            27%        N/A       3%          3
d - Dazzling Flash        Conj/Hex       36%        N/A       9%          3

Your spell library contained the following spells:

 Spells                   Type           Power      Damage    Failure   Level
 Cigotuvi's Dreadful Rot  Necr/Pois/Air  8%         N/A       19%         2
 Ignite Poison            Fire/Tmut/Pois 4%         N/A       36%         3
 Freezing Cloud           Conj/Ice/Air   4%         6-21      91%         5


Dungeon Overview and Level Annotations

Branches:
Dungeon (4/15)             Temple (1/1) D:4

Altars:
Ashenzari
Cheibriados
Elyvilon
Fedhas
Gozag
Hepliaklqana
Makhleb
Nemelex Xobeh
Okawaru
Qazlal
Ru
Trog
Uskayaw
Vehumet
Wu Jian
Xom
Yredelemnul

Shops:
D:1 (   D:4 =

Annotations:
D:4 Ijyb


Innate Abilities, Weirdness & Mutations

You are very small and have problems with some larger weapons.
You are too small for most types of armour.
You have supernaturally acute eyesight. (SInv)
You cover ground extremely quickly. (Speed+++)


Message History

Aim: an orc wizard, wielding a +0 dagger and wearing a +0 robe (chance to affect: 58%)
The +0 dagger dances into the air!
Casting: Tukima's Dance (dangerous; 3% risk of failure)
Confirm with . or Enter, or press ? or * to list all spells.
Aiming: Ensorcelled Hibernation (safe; 3% risk of failure)
Press: ? - help, Shift-Dir - straight line, f/p - orc wizard
Aim: an orc wizard, wearing a +0 robe (chance to affect: 52%)
The orc wizard looks drowsy...
An orc comes into view. It is wielding a +0 whip.
Casting: Ensorcelled Hibernation (safe; 3% risk of failure)
Confirm with . or Enter, or press ? or * to list all spells.
Aiming: Tukima's Dance (dangerous; 3% risk of failure)
Press: ? - help, Shift-Dir - straight line, f - orc, p - orc wizard
Aim: an orc, wielding a +0 whip (chance to affect: 74%)
The +0 whip dances into the air!
Casting: Tukima's Dance (dangerous; 3% risk of failure)
Confirm with . or Enter, or press ? or * to list all spells.
Aiming: Ensorcelled Hibernation (safe; 3% risk of failure)
Press: ? - help, Shift-Dir - straight line, f/p - orc
Aim: an orc (chance to affect: 70%)
The orc looks drowsy...
Your +0 dagger hits the orc wizard!
The orc wizard hits your +0 dagger.
Your +0 dagger hits the orc wizard.
The orc wizard hits your +0 dagger.
Ijyb zaps a wand.
The bolt of dispelling energy hits the orc!
The orc dies!
The bolt of dispelling energy hits you!
Casting: Ensorcelled Hibernation (safe; 3% risk of failure)
Confirm with . or Enter, or press ? or * to list all spells.
Aiming: Tukima's Dance (dangerous; 3% risk of failure)
Press: ? - help, Shift-Dir - straight line, f - Ijyb
Aim: Ijyb, wielding a +5 spectral club, wearing a +0 leather armour and carrying a wand of quicksilver (12) (chance to affect: 67%)
The +5 spectral club dances into the air!
Your +0 dagger hits the orc wizard but does no damage.
The orc wizard hits your +0 dagger but does no damage.
Your +0 dagger closely misses the orc wizard.
The orc wizard barely misses your +0 dagger.
Ijyb zaps a wand.
The bolt of dispelling energy hits you!
Ouch! That really hurt!
You die...

......
.....###....##.#..#...#..
.....
......##...#.##..........#
.....
.....#.##..####...........
....
.....#....................
....
#....#..##...............#
.......###...............
..##..#.##.##............
#.........###....###....
#......@..#...........>#
...#..........##...###...#
................##..# ....
....(..........# ... .#..
####..........[..... #..
##..#.....#........... ##.
#.....(.(oo............
##. ..).g.#)##..###.###..#
##.. #...oK.##.##...
....###...


You could see Ijyb (ally target), an orc wizard (distracted, ally target), an
orc and 2 friendly dancing weapons.

Vanquished Creatures
  A scorpion (D:4)
  A hound (D:1)
  4 adders
  4 gnolls
  5 dart slugs
  2 orcs (D:4)
  13 endoplasms
  3 giant cockroaches
  6 goblins
  12 hobgoblins
  7 jackals
  3 quokkas
  3 ball pythons
  6 bats
  A frilled lizard (D:1)
  3 kobolds (D:1)
  5 rats
79 creatures vanquished.

Vanquished Creatures (collateral kills)
  An ogre (D:4)
  An orc (D:4)
  A goblin (D:4)
3 creatures vanquished.

Vanquished Creatures (others)
  5 dancing weapons
  An orc (D:4)
6 creatures vanquished.

Grand Total: 88 creatures vanquished

Notes
Turn   | Place    | Note
-------+----------+-------------------------------------------
     0 | D:1      | cheesebisquit the Spriggan Enchanter began the quest for
                  | the Orb.
     0 | D:1      | Reached XP level 1. HP: 9/9 MP: 5/5
   266 | D:1      | Reached skill level 4 in Hexes
   266 | D:1      | Reached XP level 2. HP: 13/13 MP: 7/7
   269 | D:1      | Learned a level 2 spell: Ensorcelled Hibernation
   677 | D:1      | Reached XP level 3. HP: 16/16 MP: 9/9
   798 | D:1      | Found Jacsoref's Antique Weapon Emporium.
  1345 | D:1      | Found a faded altar of an unknown god.
  1478 | D:1      | Learned a level 3 spell: Confusing Touch
  1482 | D:1      | Learned a level 3 spell: Tukima's Dance
  1845 | D:2      | Reached XP level 4. HP: 21/21 MP: 1/11
  2205 | D:2      | Reached skill level 5 in Hexes
  2205 | D:2      | Reached skill level 1 in Ice Magic
  2554 | D:1      | Reached XP level 5. HP: 20/24 MP: 9/12
  3383 | D:3      | Learned a level 3 spell: Dazzling Flash
  3444 | D:3      | Found a sparkling altar of Nemelex Xobeh.
  3453 | D:3      | Found a snail-covered altar of Cheibriados.
  3745 | D:4      | Found Susuegar's Jewellery Boutique.
  3840 | D:4      | Noticed an ogre
  3848 | D:4      | Killed an ogre
  3849 | D:4      | Reached XP level 6. HP: 28/28 MP: 3/14
  4085 | D:4      | Reached skill level 1 in Conjurations
  4085 | D:4      | Reached skill level 6 in Hexes
  4149 | D:4      | Noticed Ijyb
  4249 | D:4      | Found a staircase to the Ecumenical Temple.
  4256 | Temple   | Entered the Ecumenical Temple
  4421 | D:4      | Killed from afar by Ijyb

Illustrated notes

Levels and vault maps discovered:
D:1:      dpeg_arrival_oval, layout_basic, chequers_ecumenical_altar_simple,
          serial_shops, nicolae_shop_stone
D:2:      layout_rooms
D:3:      layout_loops_ring, nicolae_overflow_hidden_temple,
          lightli_corner_chamber
D:4:      layout_cave_pools, minmay_temple_entry_mist, serial_shops,
          nicolae_shop_just_a_little_nook, uniq_grinder, uniq_ijyb
Temple:   nicolae_temple_bog_church

Skill      XL: |  1  2  3  4  5  6 |
---------------+-------------------+-----
Spellcasting   | 3 4 |  4.8
Hexes          | 4 5 6 |  6.0
Ice Magic      | 1 2 |  2.4
Conjurations   | 1 |  1.2
Short Blades   | |  1.1
Dodging        | |  2.6
Stealth        | |  4.4

Action                     |  1- 3 |  4- 6 || total
---------------------------+-------+-------++-------
  Melee: Dagger            |   101 |    83 ||   184
   Cast: Ensorcelled Hiber |    34 |    48 ||    82
         Tukima's Dance    |     2 |    17 ||    19
         Confusing Touch   |       |     1 ||     1
    Use: Potion            |       |     1 ||     1
   Stab: Distracted        |     1 |       ||     1
         Sleeping          |    29 |    27 ||    56
         Invisible         |       |     1 ||     1
 Armour: Robe              |     7 |     6 ||    13
  Dodge: Dodged            |    49 |    85 ||   134
